 Dungeon Crawl Stone Soup version 0.19.1-1-g22dce08 (webtiles) character file.

3177 Naksu the Spear-Bearer (level 9, -4/118 HPs)
             Began as a Minotaur Berserker on Jan 17, 2017.
             Was an Elder of Trog.
             Killed from afar by Joseph (15 damage)
             ... with a wand of lightning
             ... on level 8 of the Dungeon.
             The game lasted 00:36:34 (3112 turns).

Naksu the Spear-Bearer (Minotaur Berserker)         Turns: 3112, Time: 00:36:35

Health: -4/118     AC: 15    Str: 30    XL:     9   Next: 63%
Magic:  5/8        EV: 11    Int:  2    God:    Trog [****..]
Gold:   220        SH:  0    Dex: 12    Spells: 0 memorised, 8 levels left

rFire  . . .     SeeInvis .     w - +0 glaive
rCold  . . .     Gourm    .     A - +0 chain mail
rNeg   + . .     Faith    .     (shield currently unavailable)
rPois  .         Spirit   .     (helmet restricted)
rElec  .         Reflect  .     (no cloak)
rCorr  .         Harm     .     q - +0 pair of gloves
MR     ++...                    f - +0 pair of boots
Stlth  ..........               (no amulet)
                                F - ring of positive energy
                                B - +3 ring of slaying

@: berserking, contaminated, regenerating, glowing, very quick
A: retaliatory headbutt, horns 2, molten scales 1, agile 1, dopey 1, MP-powered
wands
a: Berserk, Trog's Hand, Brothers in Arms, Burn Spellbooks, Renounce Religion


You were on level 8 of the Dungeon.
You worshipped Trog.
Trog was greatly pleased with you.
You were not hungry.

You visited 1 branch of the dungeon, and saw 8 of its levels.

You collected 220 gold pieces.

Inventory:

Hand Weapons
 a - a +0 spear
 e - a +0 giant club
 j - a +0 whip
 l - a +0 dagger
 n - a -3 mace
 o - a +0 club
 p - a -1 dagger
 r - a +0 blowgun (quivered)
 u - a cursed -2 war axe
 w - a +0 glaive (weapon)
 y - the +1 rapier "Oxzugeuv" {speed, Str+6}
   (You found it on level 4 of the Dungeon)

   Attacks with this weapon are significantly faster.
   It affects your strength (+6).
 G - a +1 dagger of distortion
 H - a +2 trident
 K - a +1 war axe
 M - a +0 rapier of draining
Missiles
 g - 9 tomahawks
 k - 14 poisoned needles
Armour
 b - a +0 animal skin
 f - a +0 pair of boots (worn)
 h - a +0 scale mail
 m - a +0 ring mail
 q - a +0 pair of gloves (worn)
 s - a +0 ring mail
 A - a +0 chain mail (worn)
 I - a +2 robe of cold resistance
Jewellery
 z - an uncursed ring of flight
 B - a +3 ring of slaying (left hand)
 F - a ring of positive energy (right hand)
Wands
 C - a wand of acid (2/15)
 L - a wand of polymorph (18/24)
 N - a wand of slowing (20/48)
Scrolls
 d - 3 scrolls of blinking
 t - 4 scrolls of remove curse
 D - a scroll of random uselessness
Potions
 x - 4 potions of curing
 E - a potion of brilliance
Comestibles
 c - 6 bread rations
 i - 3 meat rations
 v - 3 slices of pizza
 J - 3 fruits


   Skills:
 + Level 7.2 Fighting
 + Level 3.0 Maces & Flails
 + Level 11.5 Polearms
 + Level 1.6 Throwing
 + Level 8.0 Armour
 + Level 5.0 Dodging
 + Level 0.1 Stealth
 + Level 0.3 Evocations


You had 8 spell levels left.
You didn't know any spells.

Dungeon Overview and Level Annotations

Branches:
Dungeon (8/15)             Temple (0/1) D:7
   Lair: D:8-11

Altars:
Ashenzari
Elyvilon
Makhleb
Yredelemnul

Shops:
D:8 =

Annotations:
D:8 Joseph


Innate Abilities, Weirdness & Mutations

You reflexively headbutt those who attack you in melee.
You have a pair of horns on your head.
You are partially covered in molten scales. (AC +2)
You are agile. (Dex +2)
You are dopey. (Int -2)
You expend magic power (3 MP) to strengthen your wands.


Message History

Joseph zaps a wand.
The bolt of lightning hits you!
Joseph shoots a sling bullet.
The sling bullet barely misses you.
Joseph zaps a wand.
The bolt of lightning hits you!
Found an ivory ring.
You slash the adder!
You kill the adder!
Trog accepts your kill.
Joseph shoots a sling bullet.
The sling bullet hits you!
* * * LOW HITPOINT WARNING * * *
Okay, then.
Your skin crawls.
You feel resistant to hostile enchantments.
You feel somewhat more hungry.
A red film seems to cover your vision as you go berserk!
You feel yourself moving faster!
You feel mighty!
You feel a lot more hungry.
Joseph shoots a sling bullet.
The sling bullet hits you!
* * * LOW HITPOINT WARNING * * *
You feel a strong urge to attack something.
Joseph zaps a wand.
The bolt of lightning hits you!
You die...

...#######..........# ...#
### #..<.......# ...# ###
#..........#
...................∩#####..
...................(..>....
############.......(##.###.
#.......!# # #.....(..#
#....@†..# #........#
#.....@..# ##....#..#
.........# ..........#
#........=.. #<.......$..#


You could see Joseph.

Vanquished Creatures
  The ghost of davido123 the Cudgeler, a novice TrBe of Trog (D:6)
  Psyche (D:8)
  2 wraiths (D:7)
  A water moccasin (D:7)
  2 necrophages (D:7)
  A black bear (D:6)
  An ice beast (D:8)
  A sky beast (D:6)
  3 ogres
  A crocodile (D:7)
  3 bullfrogs
  2 elf skeletons (D:7)
  3 scorpions
  The ghost of davido123 the Cudgeler, a weakling TrBe of Trog (D:3)
  A troll zombie (D:7)
  4 wights (D:8)
  A crimson imp (D:7)
  2 bullfrog zombies
  2 jellies (D:6)
  2 human zombies (D:7)
  2 human skeletons (D:7)
  A bullfrog skeleton (D:6)
  A worker ant (D:4)
  A hound zombie (D:6)
  2 hound skeletons (D:7)
  A mummy (D:7)
  5 adders
  A shadow imp (D:7)
  An ooze (D:1)
  An adder skeleton (D:4)
  3 worms
  A dart slug (D:1)
  5 leopard geckos
  12 orcs
  3 ball pythons (D:1)
  3 giant cockroaches
  8 hobgoblins
  5 jackals
  3 quokkas
  8 bats
  4 frilled lizards
  11 goblins
  9 kobolds
  3 rats
  2 bushes (D:3)
131 creatures vanquished.

Notes
Turn   | Place    | Note
-------+----------+-------------------------------------------
     0 | D:1      | Naksu the Minotaur Berserker began the quest for the Orb.
     0 | D:1      | Reached XP level 1. HP: 19/19 MP: 0/0
   125 | D:1      | Reached XP level 2. HP: 27/27 MP: 1/1
   244 | D:1      | Reached skill level 4 in Polearms
   317 | D:1      | Reached XP level 3. HP: 28/34 MP: 2/2
   323 | D:1      | Reached ** piety under Trog
   748 | D:3      | Noticed davido123's ghost (weakling TrBe)
   761 | D:3      | Killed davido123's ghost
   761 | D:3      | Reached skill level 1 in Maces & Flails
   761 | D:3      | Reached XP level 4. HP: 31/41 MP: 3/3
  1029 | D:3      | Gained mutation: You are dopey. (Int -2) [potion of mutation]
  1029 | D:3      | Gained mutation: Your natural rate of healing is unusually fast. [potion of mutation]
  1029 | D:3      | Gained mutation: You are agile. (Dex +2) [potion of mutation]
  1152 | D:3      | Reached XP level 5. HP: 47/47 MP: 4/4
  1245 | D:3      | Reached *** piety under Trog
  1341 | D:4      | Noticed an ogre
  1410 | D:3      | Killed an ogre
  1410 | D:3      | Reached skill level 5 in Fighting
  1498 | D:4      | Got a pitted rapier
  1550 | D:4      | Reached XP level 6. HP: 56/56 MP: 5/5
  1684 | D:5      | Entered Level 5 of the Dungeon
  1806 | D:5      | Found a burning altar of Makhleb.
  2014 | D:6      | Reached skill level 5 in Polearms
  2057 | D:6      | Noticed davido123's ghost (novice TrBe)
  2072 | D:6      | Killed davido123's ghost
  2072 | D:6      | Reached skill level 7 in Polearms
  2072 | D:6      | Reached skill level 1 in Throwing
  2072 | D:6      | Reached skill level 5 in Armour
  2072 | D:6      | Reached XP level 7. HP: 31/62 MP: 6/6
  2115 | D:6      | Reached XP level 8. HP: 70/70 MP: 7/7
  2175 | D:6      | Gained mutation: You have a beak for a mouth. [mutagenic meat]
  2177 | D:6      | Lost mutation: You have a beak for a mouth. [mutagenic meat]
  2178 | D:6      | Lost mutation: Your natural rate of healing is unusually fast. [mutagenic meat]
  2179 | D:6      | Gained mutation: You are partially covered in molten scales. (AC +2) [mutagenic meat]
  2432 | D:7      | Reached skill level 8 in Polearms
  2470 | D:7      | Found a staircase to the Ecumenical Temple.
  2537 | D:7      | Found a shattered altar of Ashenzari.
  2540 | D:7      | Reached skill level 9 in Polearms
  2827 | D:7      | Reached **** piety under Trog
  2862 | D:7      | Reached XP level 9. HP: 78/78 MP: 8/8
  2898 | D:7      | Reached skill level 10 in Polearms
  2899 | D:7      | Found a basalt altar of Yredelemnul.
  2983 | D:8      | Noticed Psyche
  2993 | D:8      | Reached skill level 11 in Polearms
  2995 | D:8      | Killed Psyche
  2995 | D:8      | Reached skill level 5 in Dodging
  3049 | D:8      | Identified the +1 rapier "Oxzugeuv" {speed, Str+6} (You found it on level 4 of the Dungeon)
  3066 | D:8      | Found a white marble altar of Elyvilon.
  3083 | D:8      | Gained mutation: You expend magic power (3 MP) to strengthen your wands. [mutagenic glow]
  3095 | D:8      | Found Tumaeps's Jewellery Emporium.
  3104 | D:8      | Noticed Joseph
  3112 | D:8      | Killed from afar by Joseph

Skill      XL: |  1  2  3  4  5  6  7  8  9 |
---------------+----------------------------+-----
Fighting       | 4 5 6 7 |  7.2
Polearms       | 4 7 9 11 | 11.5
Maces & Flails | 1 2 3 |  3.0
Armour         | 3 4 5 6 7 8 |  8.0
Dodging        | 3 4 5 |  5.0
Throwing       | 1 |  1.6
Stealth        | |  0.1
Evocations     | |  0.3

Action                   |  1- 3 |  4- 6 |  7- 9 || total
-------------------------+-------+-------+-------++-------
Melee: Spear             |    20 |    53 |       ||    73
       Headbutt          |    15 |    74 |    25 ||   114
       Mace              |    78 |   148 |       ||   226
       Glaive            |       |    37 |   111 ||   148
Throw: Tomahawk          |       |     4 |       ||     4
Invok: Trog's Hand       |       |     2 |     2 ||     4
       Berserk           |       |     1 |     5 ||     6
Evoke: Wand              |       |       |     3 ||     3
  Use: Scroll            |     5 |     5 |     5 ||    15
       Potion            |     4 |     4 |     3 ||    11
  Eat: Meat ration       |       |     1 |     1 ||     2
       Bread ration      |       |     1 |       ||     1
       Chunk             |       |       |     4 ||     4
       Fruit             |       |       |     1 ||     1
Armor: Animal skin       |     5 |       |       ||     5
       Scale mail        |    37 |    62 |    26 ||   125
       Chain mail        |       |       |    38 ||    38
Dodge: Dodged            |    77 |    84 |    52 ||   213
